 Dungeon Crawl Stone Soup version 0.30-a0-860-g512cf1e979 (webtiles) character file.

Game seed: 9938946296465474898

0 hellse the Sneak (level 1, 0/16 HPs)
             Began as an Octopode Delver on Mar 8, 2023.
             Was an Initiate of Cheibriados.
             Succumbed to a scorpion's poison
             ... on level 5 of the Dungeon.
             The game lasted 00:01:10 (340 turns).

hellse the Sneak (Octopode Delver)                   Turns: 340, Time: 00:01:11

Health: 0/16       AC:  1    Str: 12    XL:     1   Next: 0%
Magic:  1/1        EV: 13    Int: 13    God:    Cheibriados [......]
Gold:   0          SH:  0    Dex: 14    Spells: 0/0 levels left

rFire   . . .      SeeInvis .    a - +0 short sword
rCold   . . .      Faith    .    (no shield)
rNeg    . . .      Spirit   .    (helmet restricted)
rPois   .          Reflect  .    (no amulet)
rElec   .          Rampage  .    (no ring)
rCorr   .                        (no ring)
Will    .....                    (no ring)
Stlth   ++++                     (no ring)
HPRegen 0.22/turn                (no ring)
MPRegen 0.07/turn                (no ring)
                                 (no ring)
                                 (no ring)

@: mighty, lethally poisoned (0 -> -15), very slow
A: almost no armour, amphibious, 8 rings, camouflage 1, gelatinous body 1,
(nimble swimmer 1), tentacles
a: Renounce Religion


You were on level 5 of the Dungeon.
You worshipped Cheibriados.
Cheibriados was noncommittal.
You visited 2 branches of the dungeon, and saw 3 of its levels.

Inventory:

Hand Weapons
 a - a +0 short sword (weapon)
Wands
 f - a wand of digging (3)
Scrolls
 b - a scroll of fog
 c - a scroll of identify {unknown}
 d - a scroll of fear
Potions
 e - a potion of haste


   Skills:
 - Level 3.0 Fighting
 + Level 2.0 Short Blades
 - Level 2.0 Dodging
 - Level 6.6 Stealth


You couldn't memorise any spells.
You didn't know any spells.
Your spell library was empty.

Dungeon Overview and Level Annotations

Branches:
Dungeon (6/15)             Temple (1/1) D:5

Altars:
Ashenzari
Cheibriados
Dithmenos
Elyvilon
Fedhas
Gozag
Makhleb
Qazlal
Ru
Sif Muna
Uskayaw
Vehumet
Xom
Yredelemnul
The Shining One


Innate Abilities, Weirdness & Mutations

You cannot wear most types of armour.
You are amphibious.
You can wear up to eight rings at the same time.
Your skin changes colour to match your surroundings (Stealth+).
Your rubbery body absorbs attacks. (AC +1, EV +1)
((You are camouflaged when in or above water. (Stealth+)))
You have tentacles for arms and can constrict up to eight enemies at once.


Message History

You enter the deep water.
You enter the deep water.
Done exploring.
You enter the deep water.
You enter the deep water.
There is a staircase back to the Dungeon here.
You climb upwards.
There is a staircase to the Ecumenical Temple here.
You see here a +0 hand axe.
You enter the deep water.
A mummy comes into view.
Found a snail-covered altar of Cheibriados.
A scorpion comes into view.
There is a stone staircase leading down here.
Found a trident.
There is a snail-covered altar of Cheibriados here.
You curl up in front of the altar of Cheibriados.
Cheibriados welcomes you!
Cheibriados begins to support your attributes as your movement slows.
Cheibriados is now slowing the effects of poison on you.
Okay, then.
Okay, then.
It was a potion of might.
You feel very mighty all of a sudden. The scorpion stings you.
You barely miss the scorpion. You grab the scorpion.
You constrict the scorpion. The scorpion stings you.
You are poisoned.
The scorpion poisons you!
You puncture the scorpion!
The scorpion is heavily wounded.
You constrict the scorpion.
You feel sick. The scorpion stings you!
Ouch! That really hurt!
* * * LOW HITPOINT WARNING * * *
You are more poisoned.
The scorpion poisons you!
You hit the scorpion.
The scorpion is almost dead.
You constrict the scorpion.
You die...

,,+,*****,,,,,,,..*###....s###.##
,,*** *,,,,,,,..##...###..#..#
*** ****,,,**#.....# ##...##
*,,,* #.....# #>.##
*#+####.....####.## *
#.#...........#.# *
#.............#.##### *
#....M.._...........) *
*.#.@s........####### *
*,#...........# * *,####.....####
* *,* #.....# * *,***#.....# *
*,,,.....### * *,**######
*************,* ,,,,,,,,,,,,,,*


You could see a mummy and a scorpion.

Vanquished Creatures (others)
  A fungus (D:5)
1 creature vanquished.

Notes
Turn   | Place    | Note
-------+----------+-------------------------------------------
     0 | D:5      | hellse the Octopode Delver began the quest for the Orb.
     0 | D:5      | Reached XP level 1. HP: 16/16 MP: 1/1
    33 | D:5      | Found a staircase to the Ecumenical Temple.
    42 | Temple   | Entered the Ecumenical Temple
   313 | D:5      | Found a snail-covered altar of Cheibriados.
   314 | D:5      | Noticed a scorpion
   332 | D:5      | Became a worshipper of Cheibriados the Contemplative
   340 | D:5      | Succumbed to a scorpion's poison

Illustrated notes

Levels and vault maps discovered:
D:5:      layout_basic, slow_altar_1, temple_pool_b, minmay_fractal_squares_5,
          uniq_grinder, uniq_crazy_yiuf_cottage
D:6:      layout_basic, serial_shops,
          nicolae_shop_temple_entry_statues_fountains,
          nicolae_shop_hallway_stairs, nicolae_shop_hallway_stairs,
          nicolae_square_shop
Temple:   eino_temple_water

Action                     || total
---------------------------++-------
  Melee: Short sword       ||     3
         Constrict         ||     1
    Use: Scroll            ||     2
         Potion            ||     1

Table legend: (Time is in decaauts)
 A = Elapsed time spent in this place.
 B = Non-inter-level travel time spent in this place.
 C = Inter-level travel time spent in this place.
 D = Time resting spent in this place.
 E = Time spent auto-exploring this place.
 F = Levels seen in this place.
 G = Mean time per level.
                   A        B        C        D        E       F      G
               +--------+--------+--------+--------+--------+-----+--------+
         Total |    341 |    318 |     23 |      0 |    208 |   3 |  113.7 |
       Dungeon |     92 |     92 |      0 |      0 |      0 |   2 |   46.0 |
        Temple |    248 |    225 |     23 |      0 |    208 |   1 |  248.0 |
               +--------+--------+--------+--------+--------+-----+--------+

Top non-repeatable levels by time:
  Temple: 248 daAuts
     D:5: 89 daAuts
     D:6: 2 daAuts
